 Dungeon Crawl Stone Soup version 0.30.0-19-g36f170ea60 (webtiles) character file.

Game seed: 6996646486213082332

32 testman the Digger (level 3, -1/19 HPs)
             Began as a Gargoyle Earth Elementalist on June 1, 2023.
             Slain by Terence
             ... wielding a +0 mace
              (3 damage)
             ... on level 2 of the Dungeon.
             The game lasted 00:03:00 (1146 turns).

testman the Digger (Gargoyle Earth Elementalist)    Turns: 1146, Time: 00:03:01

Health: -1/19      AC:  5    Str: 11    XL:     3   Next: 25%
Magic:  3/6        EV: 11    Int: 17    God:
Gold:   52         SH:  0    Dex: 10    Spells: 0/6 levels left

rFire   . . .        e - +0 short sword
rCold   . . .        (no shield)
rNeg    + . .        a - +0 robe
rPois   ∞            (no helmet)
rElec   +            (no cloak)
rCorr   .            (no gloves)
SInv    .            (no boots)
Will    .....        (no amulet)
Stlth   ++           (no ring)
HPRegen 0.23/turn    (no ring)
MPRegen 0.10/turn

%: no passive effects
@: no status effects
A: sickness immunity, AC +3, negative energy resistance 1, electricity
resistance, torment resistance 1, petrification resistance
a: no special abilities


You were on level 2 of the Dungeon.
You visited 1 branch of the dungeon, and saw 2 of its levels.

You collected 52 gold pieces.

Inventory:

Hand Weapons
 e - a +0 short sword (weapon)
 g - a +0 whip
Missiles
 d - a throwing net
 k - 5 poisoned darts
Armour
 a - a +0 robe (worn)
Scrolls
 f - a scroll of amnesia {unknown}
 j - a scroll of identify {unknown}
 l - a scroll of enchant armour {unknown}
 m - 3 scrolls of teleportation {unknown}
 n - 2 scrolls of immolation {unknown}
 o - a scroll of torment {unknown}
Potions
 b - a potion of magic
 c - 2 potions of lignification {unknown}
 h - 4 potions of heal wounds {unknown}
 i - a potion of brilliance {unknown}


   Skills:
 - Level 1.5 Dodging
 - Level 2.1 Stealth
 - Level 2.4 Spellcasting
 + Level 1.5 Conjurations
 - Level 1.0 Transmutations
 - Level 4.1 Earth Magic


You couldn't memorise any spells.
You knew the following spells:

 Your Spells              Type           Power      Damage    Failure   Level
a - Sandblast             Erth           32%        2d9       3%          1
b - Passwall              Tmut/Erth      8%         N/A       10%         2
c - Stone Arrow           Conj/Erth      22%        3d8       17%         3

Your spell library contained the following spells:

 Spells                   Type           Power      Damage    Failure   Level
 Petrify                  Tmut/Erth      10%        N/A       54%         4


Dungeon Overview and Level Annotations

Branches:
Dungeon (2/15)

Altars:

Annotations:
D:2 Terence


Innate Abilities, Weirdness & Mutations

You are immune to sickness and miasma.
Your stone body is resilient. (AC +3)
You are immune to poison.
You resist negative energy. (rN+)
You are resistant to electric shocks. (rElec)
You are resistant to unholy torment.
You are immune to petrification.


Message History

Terence the Incautious comes into view.
He is wielding a +0 mace.
An endoplasm comes into view.
Terence shouts!
You hear a shout!
Aiming: Sandblast (safe; 3% risk of failure)
Press: ? - help, Q - select action, (/) - cycle Shift-Dir - straight line, f - Terence
Aim: Terence, wielding a +0 mace and wearing a +0 chain mail (87% to hit)
The blast of sand hits Terence.
Terence is lightly wounded.
The endoplasm quivers.
Aiming: Sandblast (safe; 3% risk of failure)
Press: ? - help, Q - select action, (/) - cycle Shift-Dir - straight line, f/p - Terence
Aim: Terence, wielding a +0 mace and wearing a +0 chain mail (lightly wounded, 87% to hit)
The blast of sand hits Terence.
Terence is moderately wounded.
Terence hits you with a +0 mace. x2
A hobgoblin comes into view.
Aiming: Sandblast (safe; 3% risk of failure)
Press: ? - help, Q - select action, (/) - cycle Shift-Dir - straight line, f/p - Terence
Aim: Terence, wielding a +0 mace and wearing a +0 chain mail (moderately wounded, 87% to hit)
Okay, then.
Press: ? - help, v - describe, . - travel, g - get item Item here: a book of Cantrips.
The floor.
Terence closely misses you. Terence attacks as you move away!
Terence barely misses you.
Aiming: Sandblast (safe; 3% risk of failure)
Press: ? - help, Q - select action, (/) - cycle Shift-Dir - straight line, f/p - Terence
Aim: Terence, wielding a +0 mace and wearing a +0 chain mail (moderately wounded, 87% to hit)
The blast of sand misses Terence.
The blast of sand hits the hobgoblin!
You kill the hobgoblin!
Terence hits you with a +0 mace.
Aiming: Sandblast (safe; 3% risk of failure)
Press: ? - help, Q - select action, (/) - cycle Shift-Dir - straight line, f/p - Terence
Aim: Terence, wielding a +0 mace and wearing a +0 chain mail (moderately wounded, 87% to hit)
The blast of sand misses Terence.
The blast of sand hits the endoplasm!
You kill the endoplasm!
Terence hits you with a +0 mace.
* * * LOW HITPOINT WARNING * * *
Terence hits you with a +0 mace.
You die...

#^.†.....># ##.###### ##.#
#.........# ##.......#
...###.........# #........#
#...##.......<.# #........#
##..#..........#
#........##...............#
#........................#
####....:###...#..)########
#....#....@@.....#.#
#........#########.#####
#...###..# #.........# #..
##.# #.........# .
#.#####.........#
##.##............#
#...#.##.........#
###..)..##.........#
#......###.........#


You could see Terence.

Vanquished Creatures
  2 ball pythons (D:1)
  A bat (D:1)
  6 endoplasms
  2 giant cockroaches
  4 goblins
  A hobgoblin (D:2)
  3 jackals (D:1)
  A quokka (D:1)
  A frilled lizard (D:1)
  3 kobolds
  3 rats
27 creatures vanquished.

Notes
Turn   | Place    | Note
-------+----------+-------------------------------------------
     0 | D:1      | testman the Gargoyle Earth Elementalist began the quest for
                  | the Orb.
     0 | D:1      | Reached XP level 1. HP: 10/10 MP: 3/3
   216 | D:1      | Reached skill level 4 in Earth Magic
   216 | D:1      | Reached XP level 2. HP: 15/15 MP: 3/5
   219 | D:1      | Learned a level 2 spell: Passwall
   414 | D:1      | Reached skill level 1 in Transmutations
   968 | D:1      | Reached XP level 3. HP: 19/19 MP: 4/6
   972 | D:1      | Learned a level 3 spell: Stone Arrow
  1056 | D:2      | Reached skill level 1 in Conjurations
  1134 | D:2      | Noticed Terence
  1146 | D:2      | Slain by Terence

Illustrated notes

Levels and vault maps discovered:
D:1:      dpeg_arrival_shelter, layout_basic, minmay_pentomino_q4
D:2:      layout_rooms, kennysheep_generic_room_4, uniq_terence, uniq_robin

Skill      XL: |  1  2  3 |
---------------+----------+-----
Earth Magic    | 4 |  4.1
Transmutations | 1 |  1.0
Conjurations   | 1 |  1.5
Dodging        | |  1.5
Stealth        | |  2.1
Spellcasting   | |  2.4

Action                     || total
---------------------------++-------
  Melee: Short sword       ||     4
   Cast: Sandblast         ||    32
   Stab: Sleeping          ||     1
 Armour: Robe              ||     1
  Dodge: Dodged            ||     7
